 Dungeon Crawl Stone Soup version 0.29-a0-717-g6dac4ea423 (webtiles) character file.

Game seed: 1837063440900321657

392 YayAnonymity the Cudgeller (level 6, 0/59 HPs)
             Began as a Troll Gladiator on June 27, 2022.
             Slain by an orc
             ... wielding a +0 short sword
              (3 damage)
             ... on level 5 of the Dungeon.
             The game lasted 00:05:21 (2190 turns).

YayAnonymity the Cudgeller (Troll Gladiator)        Turns: 2190, Time: 00:05:22

Health: 0/59       AC:  4    Str: 25    XL:     6   Next: 50%
Magic:  5/5        EV: 10    Int:  4    God:
Gold:   92         SH:  0    Dex: 11    Spells: 5/5 levels left

rFire   . . .      SeeInvis .   (no weapon)
rCold   . . .      Faith    .   (no shield)
rNeg    . . .      Spirit   .   b - +0 robe
rPois   .          Reflect  .   c - +0 hat
rElec   .          Harm     .   (no cloak)
rCorr   +          Rampage  .   (gloves unavailable)
Will    .....                   (boots unavailable)
Stlth   +.........              (no amulet)
HPRegen 0.99/turn               t - ring of flight
MPRegen 0.09/turn               m - ring of resist corrosion

@: lethally poisoned (0 -> -12), flying
A: large, unfitting armour, claws 3, regeneration 1, shaggy fur 1, tough skin 1
a: no special abilities


You were on level 5 of the Dungeon.
You visited 1 branch of the dungeon, and saw 5 of its levels.

You collected 92 gold pieces.

Inventory:

Hand Weapons
 a - a +0 flail
Missiles
 d - 3 throwing nets
 e - 5 large rocks
 p - 6 poisoned darts (quivered)
Armour
 b - a +0 robe (worn)
 c - a +0 hat (worn)
Jewellery
 m - a ring of resist corrosion (right claw)
 t - a ring of flight (left claw)
Scrolls
 f - 2 scrolls of immolation
 h - a scroll of fog
 i - 2 scrolls of teleportation {unknown}
 k - 2 scrolls of amnesia
 q - a scroll of fear {unknown}
 r - 2 scrolls of identify {unknown}
Potions
 g - 2 potions of curing
 j - 3 potions of heal wounds {unknown}
 n - a potion of might {unknown}
 o - a potion of mutation {unknown}
 s - a potion of ambrosia {unknown}


   Skills:
 + Level 2.8 Fighting
 * Level 4.7 Maces & Flails
 + Level 3.2 Throwing
 + Level 3.5 Dodging


You had 5 spell levels left.
You didn't know any spells.
Your spell library contained the following spells:

 Spells                   Type           Power      Damage    Failure   Level
 Sandblast                Erth           0%         2d4       50%         1
 Shock                    Conj/Air       0%         1d3       50%         1
 Passwall                 Tmut/Erth      0%         N/A       65%         2
 Sublimation of Blood     Necr           0%         N/A       65%         2
 Wereblood                Tmut           0%         N/A       65%         2
 Gell's Gravitas          Tloc           0%         N/A       86%         3
 Lesser Beckoning         Tloc           0%         N/A       86%         3
 Stone Arrow              Conj/Erth      0%         3d7       86%         3
 Teleport Other           Tloc           0%         N/A       86%         3
 Hailstorm                Conj/Ice       0%         3d3       99%         4
 Iron Shot                Conj/Erth      0%         9d1       100%        6
 Summon Hydra             Summ           0%         N/A       100%        7
 Fire Storm               Conj/Fire      0%         5d1       100%        9


Dungeon Overview and Level Annotations

Branches:
Dungeon (6/15)
 Temple: D:4-7

Altars:

Shops:
D:3 :

Annotations:
D:3 2 transporters, jlumianski's ghost, novice DsFi


Innate Abilities, Weirdness & Mutations

You are too large for most types of armour.
You have claws for hands.
Your natural rate of healing is unusually fast.
You are covered in fur. (AC +1)
You have tough skin. (AC +1)


Message History

You feel sick. The orc barely misses you.
The orc hits you with a +2 dagger of venom.
You are more poisoned.
The orc priest barely misses you. The orc closely misses you.
You scratch the orc priest. Your claw misses the orc priest.
The orc priest is lightly wounded.
You feel very sick. The orc hits you but does no damage.
The orc barely misses you.
The orc priest hits you with a +0 short sword.
The orc hits you with a +0 short sword.
You scratch the orc priest.
The orc priest is moderately wounded.
You feel very sick. The orc hits you with a +0 mace. The orc barely misses you.
The orc priest invokes the aid of Beogh against you.
Beogh smites you!
* * * LOW HITPOINT WARNING * * *
The orc closely misses you.
You are too injured to fight recklessly!
You are too injured to fight recklessly!
You are too injured to fight recklessly!
You closely miss the orc priest.
The orc priest is moderately wounded.
You feel sick. The orc hits you but does no damage.
The orc hits you with a +2 dagger of venom.
* * * LOW HITPOINT WARNING * * *
You are more poisoned.
The orc priest hits you but does no damage.
The orc completely misses you.
You barely miss the orc priest.
The orc priest is moderately wounded.
* * * LOW HITPOINT WARNING * * *
You feel very sick. The orc barely misses you.
The orc hits you with a +2 dagger of venom.
* * * LOW HITPOINT WARNING * * *
You are more poisoned.
The orc priest invokes the aid of Beogh against you.
You barely resist. The orc hits you with a +0 short sword.
You die...

#.............#
#.............#
#.............#
#.............#
#.............#
#.............#
#.....W.>....#
#...ooo.....#
#....@o..[.##
############


You could see a phantom, an orc priest and 3 orcs.

Vanquished Creatures
  Sigmund (D:6)
  An orc priest (D:3)
  An iguana (D:3)
  An orc wizard (D:5)
  2 gnolls
  2 adders
  2 ufetubi (D:6)
  2 worms
  3 dart slugs
  8 orcs
  A ball python (D:3)
  9 endoplasms
  3 giant cockroaches (D:1)
  8 goblins
  7 hobgoblins
  8 jackals
  3 quokkas
  4 bats
  2 frilled lizards
  3 kobolds (D:3)
  A rat (D:2)
72 creatures vanquished.

Notes
Turn   | Place    | Note
-------+----------+-------------------------------------------
     0 | D:1      | YayAnonymity the Troll Gladiator began the quest for the
                  | Orb.
     0 | D:1      | Reached XP level 1. HP: 19/19 MP: 0/0
   254 | D:1      | Reached XP level 2. HP: 28/28 MP: 1/1
   266 | D:1      | Reached skill level 3 in Maces & Flails
   525 | D:1      | Reached XP level 3. HP: 35/35 MP: 2/2
   735 | D:2      | Found a faded altar of an unknown god.
  1323 | D:3      | Got the Tome of the Fisher
  1416 | D:3      | Reached XP level 4. HP: 22/42 MP: 3/3
  1561 | D:3      | Found Elyrem's Book Boutique.
  1692 | D:3      | Reached XP level 5. HP: 43/49 MP: 4/4
  1721 | D:3      | Found a transporter.
  1768 | D:3      | Found a transporter.
  1774 | D:3      | Noticed jlumianski's ghost (novice DsFi)
  1868 | D:2      | Reached skill level 4 in Maces & Flails
  1920 | D:3      | You fall into a shaft and drop 3 floors!
  2001 | D:6      | Noticed a water moccasin
  2050 | D:6      | Noticed Sigmund
  2079 | D:6      | Killed Sigmund
  2080 | D:6      | Reached XP level 6. HP: 7/59 MP: 5/5
  2176 | D:5      | Entered Level 5 of the Dungeon
  2190 | D:5      | Slain by an orc

Illustrated notes

Levels and vault maps discovered:
D:1:      zelgadis_glass_arrival_small, layout_basic,
          chequers_serial_rivers_small_3
D:2:      layout_basic, hellmonk_ecumenical_altar_inner_sanctum
D:3:      layout_basic, nicolae_overflow_ecumenical_swirl, serial_shops, shop,
          gammafunk_ghost_mausoleum, minmay_ogre_servants
D:5:      layout_cave_pods, uniq_blork_the_orc
D:6:      layout_gridville, marbit_many_paths, uniq_sigmund

Skill      XL: |  1  2  3  4  5 |
---------------+----------------+-----
Throwing       | 2 3 |  3.2
Maces & Flails | 3 4 |  4.7
Fighting       | 2 |  2.8
Dodging        | 3 |  3.5

Action                   |  1- 3 |  4- 6 || total
-------------------------+-------+-------++-------
Melee: Unarmed           |   124 |   116 ||   240
       Flail             |     6 |       ||     6
       Punch             |     1 |     1 ||     2
  Use: Scroll            |       |     3 ||     3
       Potion            |       |     1 ||     1
 Stab: Distracted        |     1 |       ||     1
       Sleeping          |     1 |       ||     1
Armor: Robe              |    35 |    40 ||    75
Dodge: Dodged            |    65 |    76 ||   141

Table legend: (Time is in decaauts)
 A = Elapsed time spent in this place.
 B = Non-inter-level travel time spent in this place.
 C = Inter-level travel time spent in this place.
 D = Time resting spent in this place.
 E = Time spent auto-exploring this place.
 F = Levels seen in this place.
 G = Mean time per level.
                   A        B        C        D        E       F      G
               +--------+--------+--------+--------+--------+-----+--------+
         Total |   2196 |   2175 |     21 |     81 |   1403 |   5 |  439.2 |
       Dungeon |   2196 |   2175 |     21 |     81 |   1403 |   5 |  439.2 |
               +--------+--------+--------+--------+--------+-----+--------+

Top non-repeatable levels by time:
     D:2: 675 daAuts
     D:1: 668 daAuts
     D:3: 584 daAuts
     D:6: 254 daAuts
     D:5: 13 daAuts
